Map: [ESL] Data-C

Players

Maru - Winner!

  • Race: Terran Terran
  • Spawn Location: 3:00

herO

  • Race: Protoss Protoss
  • Spawn Location: 9:00

Event: DreamHack SC2 Masters 2022 Atlanta (Offline)

VOD

Have the link to the VOD?

Description

Time

  • Played on: Nov. 20, 2022, 3:03 p.m.
  • Length: 9:19

All games in this series

Show
View Real Time Build Order
Export as new Build Order

Maru Terran - Winner!

Build Orders:  

Get SALT Encoding   

  12  0:00  SCV  
  13  0:12  SCV  
  14  0:17  Supply Depot  
  14  0:24  SCV  
  15  0:38  SCV  
  15  0:39  Barracks  
  16  0:44  Refinery  
  16  0:50  SCV  
  16  0:53  Refinery  
  17  1:02  SCV  
  18  1:14  SCV  
  19  1:27  Reaper, Orbital Command  
  20  1:38  Supply Depot  
  20  1:43  Factory  
  20  1:52  SCV  
  21  2:01  Barracks Reactor  
  21  2:04  SCV  
  22  2:17  SCV  
  22  2:22  Command Center  
  23  2:29  SCV  
  24  2:35  Starport  
  24  2:39  Widow Mine  
  26  2:44  Marine x2  
  26  2:46  SCV  
  29  2:59  SCV  
  29  3:02  Marine  
  31  3:05  Supply Depot  
  31  3:10  Factory Tech Lab  
  31  3:15  SCV  
  31  3:27  Viking, Marine x2  
  31  3:28  Cyclone  
  31  3:32  SCV  
  39  3:35  Orbital Command  
  39  3:44  SCV, Marine x2  
  42  3:56  SCV  
  42  3:58  Barracks  
  43  4:03  SCV  
  43  4:07  Supply Depot, Factory Tech Lab, Raven  
  43  4:08  SCV  
  43  4:09  Marine  
  47  4:10  Marine  
  47  4:15  SCV  
  50  4:20  Engineering Bay  
  50  4:21  SCV  
  51  4:27  SCV  
  51  4:29  Marine x2  
  54  4:33  SCV  
  54  4:36  Siege Tank  
  58  4:39  SCV  
  58  4:45  SCV  
  60  4:47  Supply Depot  
  60  4:49  Refinery, Terran Infantry Weapons Level 1  
  60  4:51  SCV  
  61  4:55  Barracks  
  61  4:56  Marine  
  62  5:00  Supply Depot  
  62  5:09  SCV x2, Marine  
  65  5:14  Marine  
  65  5:15  Stimpack, Marine  
  67  5:21  SCV x2  
  67  5:24  Supply Depot  
  67  5:27  Factory Reactor, Marine  
  67  5:28  Starport Reactor  
  70  5:33  SCV x2, Marine x2  
  74  5:40  Supply Depot  
  74  5:44  Marine  
  74  5:45  SCV x2  
  74  5:47  Refinery, Combat Shield  
  77  5:50  Marauder  
  77  5:51  Marauder, Marine  
  82  5:58  SCV x2  
  82  6:01  Supply Depot  
  82  6:02  Marine  
  85  6:05  Supply Depot, Medivac x2  
  85  6:10  Widow Mine  
  91  6:12  Widow Mine  
  91  6:17  Marine  
  94  6:23  Marauder x2, Marine  
  94  6:24  Supply Depot  
  99  6:35  Marine  
  99  6:36  Command Center  
  99  6:39  Widow Mine x2  
  104  6:41  Marine  
  104  6:42  Medivac  
  104  6:45  Marauder x2  
  111  6:47  Medivac  
  113  6:55  Concussive Shells  
  113  7:00  Supply Depot  
  113  7:01  Barracks  
  113  7:05  Barracks  
  113  7:13  Marine  
  113  7:14  Marauder x2, Marine  
  111  7:18  Medivac  
  111  7:20  Widow Mine x2  
  113  7:25  SCV  
  113  7:26  Medivac  
  110  7:31  Marine  
  110  7:35  Marauder  
  107  7:37  SCV x2  
  107  7:42  Marauder  
  107  7:43  Widow Mine  
  108  7:48  Medivac  
  108  7:49  SCV  
  101  7:52  Barracks Reactor, Barracks Tech Lab  
  101  7:55  SCV  
  100  8:01  SCV, Medivac  
  100  8:02  Widow Mine, Marine x2  
  100  8:03  Marauder  
  109  8:07  SCV  
  109  8:09  Marauder  
  112  8:13  SCV  
  112  8:15  Orbital Command  
  112  8:19  SCV  
  115  8:20  Marauder, Marine x2  
  115  8:24  Marauder  
  115  8:25  Medivac  
  115  8:26  SCV  
  120  8:30  Marine  
  120  8:31  SCV  
  120  8:32  Marine  
  123  8:38  SCV, Marine x3  
  124  8:41  Marauder  
  124  8:43  SCV  
  124  8:45  Medivac, Widow Mine x2, Marauder  
  124  8:47  SCV  
  131  8:49  Marauder  
  131  8:50  SCV  
  131  8:55  SCV  
  123  8:58  Marine  
  123  9:00  SCV  
  123  9:02  SCV  
Show
View Real Time Build Order
Export as new Build Order

herO Protoss 

Build Orders: 1 Gate Expand, Phoenix Opening, Zealot Archon 

Get SALT Encoding   

  12  0:00  Probe  
  13  0:12  Probe  
  14  0:18  Pylon  
  14  0:24  Probe (Chrono Boost)  
  15  0:38  Probe (Chrono Boost), Gateway  
  16  0:43  Probe (Chrono Boost)  
  16  0:46  Assimilator  
  17  0:52  Probe  
  19  1:04  Probe  
  19  1:16  Probe  
  20  1:22  Nexus  
  20  1:32  Cybernetics Core  
  20  1:35  Probe  
  21  1:40  Assimilator  
  21  1:47  Probe  
  22  1:50  Pylon  
  22  1:59  Probe  
  23  2:05  Adept (Chrono Boost)  
  23  2:11  Probe  
  23  2:13  Stargate  
  26  2:20  Warp Gate  
  26  2:23  Probe  
  26  2:28  Adept  
  30  2:37  Probe (Chrono Boost)  
  30  2:39  Probe (Chrono Boost)  
  31  2:47  Probe (Chrono Boost)  
  31  2:50  Probe (Chrono Boost)  
  33  2:55  Probe  
  37  2:59  Probe  
  37  3:04  Void Ray (Chrono Boost)  
  39  3:08  Probe  
  39  3:12  Pylon  
  40  3:13  Probe  
  41  3:20  Probe  
  41  3:25  Probe  
  43  3:28  Gateway  
  43  3:30  Gateway  
  43  3:33  Phoenix (Chrono Boost)  
  43  3:38  Probe x2  
  47  3:45  Pylon  
  47  3:49  Phoenix (Chrono Boost)  
  47  3:51  Probe x2  
  51  4:01  Pylon  
  51  4:03  Probe x2  
  51  4:07  Phoenix (Chrono Boost)  
  51  4:09  Adept  
  57  4:26  Phoenix (Chrono Boost)  
  57  4:29  Stalker x2  
  59  4:37  Gateway  
  50  4:46  Nexus  
  50  4:47  Probe x2, Pylon  
  50  4:50  Assimilator  
  50  4:52  Assimilator  
  52  4:53  Twilight Council  
  52  5:00  Probe x2  
  52  5:02  Shield Battery  
  54  5:12  Probe x2 (Chrono Boost)  
  54  5:17  Shield Battery  
  54  5:24  Probe x2 (Chrono Boost)  
  54  5:27  Pylon  
  56  5:28  Assimilator  
  56  5:29  Gateway  
  56  5:30  Gateway, Assimilator, Probe x2 (Chrono Boost)  
  56  5:32  Charge (Chrono Boost)  
  58  5:38  Probe  
  58  5:39  Probe  
  60  5:45  Templar Archives  
  60  5:47  Gateway  
  60  5:51  Probe (Chrono Boost)  
  60  5:53  Probe (Chrono Boost)  
  60  6:00  Probe (Chrono Boost)  
  60  6:02  Sentry x3  
  60  6:03  Probe (Chrono Boost)  
  69  6:04  Gateway  
  69  6:07  Probe (Chrono Boost)  
  69  6:08  Probe (Chrono Boost)  
  69  6:09  Probe (Chrono Boost)  
  71  6:11  Gateway  
  71  6:15  Probe  
  71  6:16  Gateway  
  72  6:20  Shield Battery  
  72  6:23  Probe x2  
  74  6:27  Shield Battery, Probe  
  74  6:29  High Templar x2  
  74  6:32  Zealot x2  
  81  6:33  Archon  
  81  6:38  Pylon  
  81  6:40  Probe x3  
  81  6:43  Pylon  
  83  6:47  High Templar  
  83  6:48  High Templar  
  83  6:51  Archon  
  83  6:52  Zealot x2  
  91  6:57  Probe x3  
  91  7:00  Forge  
  94  7:03  Pylon  
  94  7:04  Zealot x2  
  86  7:17  Zealot x5  
  91  7:23  Zealot x2  
  91  7:28  Zealot x4  
  64  7:41  Zealot x5  
  62  7:51  Probe  
  62  7:52  Probe  
  62  7:53  High Templar x2  
  62  7:54  High Templar x2  
  62  7:57  Archon x2  
  66  8:02  Zealot x2, High Templar x2  
  66  8:04  Probe  
  66  8:05  Zealot  
  77  8:06  Archon  
  77  8:09  Pylon  
  67  8:28  Zealot x6  
  75  8:39  High Templar x2  
  77  8:44  Zealot, Archon  
  73  8:50  Zealot x3  
  73  8:51  Zealot  
  71  8:56  High Templar  
  62  9:02  Zealot  
  62  9:05  High Templar  
  57  9:11  Zealot x4  
Tags
 
Add a new tag
Caveats
  • Supply blocks, unpowered buildings, or Contaminate may cause inaccurate times.
  • Supply counts are checked every 10 seconds.